 Dungeon Crawl Stone Soup version 0.23-a0-556-g351818a (webtiles) character file.

52303 zishaf the Spry (level 14, -1/65 HPs)
             Began as a Spriggan Enchanter on Dec 10, 2018.
             Was a High Priest of Nemelex Xobeh.
             Killed from afar by a fire dragon (38 damage)
             ... with a blast of flame
             ... on level 6 of the Lair of Beasts.
             The game lasted 01:30:06 (24388 turns).

zishaf the Spry (Spriggan Enchanter)               Turns: 24388, Time: 01:30:09

Health: -1/65      AC:  5    Str:  9    XL:     14   Next: 26%
Magic:  26/28      EV: 31    Int: 21    God:    Nemelex Xobeh [*****.]
Gold:   1706       SH: 10    Dex: 17    Spells: 4/31 levels left

rFire    . . .     SeeInvis +   a - +5 rapier of Oparust {freeze, *Corrode SInv Stlth+}
rCold    . . .     Gourm    .   L - +2 buckler
rNeg     . . .     Faith    .   J - +0 steam dragon scales
rPois    .         Spirit   .   (helmet restricted)
rElec    .         Reflect  .   (no cloak)
rCorr    .         Harm     .   (gloves unavailable)
MR       ++...                  (boots unavailable)
Stlth    ++++++....             A - amulet of magic regeneration
HPRegen  0.20/turn              x - +5 ring of strength
MPRegen  0.46/turn              m - ring of wizardry

@: very quick
A: very small, unfitting armour, see invisible, herbivore, speed 3, slow
metabolism 2
a: Triple Draw, Deal Four, Stack Five, Renounce Religion


You were on level 6 of the Lair of Beasts.
You worshipped Nemelex Xobeh.
Nemelex Xobeh was extremely pleased with you.
You were not hungry.

You visited 2 branches of the dungeon, and saw 18 of its levels.

You collected 1706 gold pieces.

Inventory:

Hand Weapons
 a - the +5 rapier of Oparust (weapon) {freeze, *Corrode SInv Stlth+}
   (You found it on level 5 of the Lair of Beasts)

   It has been specially enchanted to freeze those struck by it, causing extra
   injury to most foes and up to half again as much damage against particularly
   susceptible opponents.
   It can also slow down cold-blooded creatures.
   It lets you see invisible.
   It may corrode you when you take damage.
   It makes you more stealthy.
 b - a +0 blowgun
 K - the +6 short sword of Imbalance {speed, rC+ Str-5 Stlth+}
   (You found it on level 10 of the Dungeon)

   Attacks with this weapon are significantly faster.
   It affects your strength (-5).
   It protects you from cold.
   It makes you more stealthy.
Missiles
 f - 7 curare-tipped needles
 t - 41 poisoned needles
Armour
 J - +0 steam dragon scales (worn)
 L - a +2 buckler (worn)
Jewellery
 c - an uncursed ring of protection from fire
 g - a +2 ring of protection
 m - a ring of wizardry (right hand)
 x - a +5 ring of strength (left hand)
 A - an amulet of magic regeneration (around neck)
 S - an uncursed ring of poison resistance
 U - a +4 ring of intelligence
Wands
 i - a wand of iceblast (22)
 F - a wand of digging (9)
Scrolls
 h - 6 scrolls of enchant armour
 o - 7 scrolls of teleportation
 q - 3 scrolls of enchant weapon
 r - 2 scrolls of magic mapping
 s - 4 scrolls of fog
 B - 2 scrolls of blinking
 D - 10 scrolls of remove curse
 E - a scroll of holy word
 I - 6 scrolls of amnesia
 P - a scroll of immolation
Potions
 e - 2 potions of haste
 j - 5 potions of curing
 k - 2 potions of berserk rage
 l - a potion of might
 n - 2 potions of ambrosia
 w - a potion of brilliance
 C - 2 potions of invisibility
 N - a potion of resistance
 X - a potion of lignification
Miscellaneous
 p - an ornate deck of destruction {drawn: 8}
 u - an ornate deck of destruction
 v - an ornate deck of summoning
 y - a legendary deck of summoning
 G - an ornate deck of escape
 H - a plain deck of summoning {drawn: 6}
 O - an ornate deck of destruction
 Q - an ornate deck of escape
 T - a legendary deck of destruction
Comestibles
 d - 21 rations


   Skills:
 + Level 3.4 Fighting
 - Level 12.0 Short Blades
 * Level 0.9 Throwing
 + Level 15.6 Dodging
 - Level 11.0 Stealth
 - Level 7.2 Shields
 + Level 9.2 Spellcasting
 + Level 7.1 Hexes
 + Level 1.4 Charms
 - Level 4.0 Summonings
 - Level 2.0 Ice Magic
 - Level 5.0 Air Magic
 + Level 10.1 Invocations


You had 4 spell levels left.
You knew the following spells:

 Your Spells              Type           Power        Failure   Level  Hunger
a - Ensorcelled Hibernat  Hex/Ice        ####..       1%          2    None
b - Summon Lightning Spi  Summ/Air       ####....     4%          4    ##.....
c - Confuse               Hex            #####...     1%          3    None
d - Deflect Missiles      Chrm/Air       ###.......   71%         6    ######.
e - Cause Fear            Hex            #####.....   1%          4    ##.....
f - Discord               Hex            #####.....   100%        8    #######

Your spell library contained the following spells:

 Spells                   Type           Power        Failure   Level  Hunger
 Corona                   Hex            #####..      1%          1    None
 Summon Small Mammal      Summ           ####         1%          1    None
 Call Imp                 Summ           ####....     1%          2    None
 Slow                     Hex            #####...     1%          2    None
 Call Canine Familiar     Summ           ####....     1%          3    None
 Dazzling Spray           Conj/Hex       ###...       1%          3    None
 Inner Flame              Hex/Fire       ###.....     1%          3    None
 Portal Projectile        Hex/Tloc       ###...       1%          3    None
 Summon Guardian Golem    Hex/Summ       ####....     1%          3    None
 Tukima's Dance           Hex            #####...     1%          3    None
 Leda's Liquefaction      Hex/Erth       ###.......   6%          4    ##.....
 Summon Ice Beast         Ice/Summ       ###.....     9%          4    ##.....
 Silence                  Hex/Air        #####.....   6%          5    #####..
 Yara's Violent Unravell  Hex/Tmut       ###.......   17%         5    #####..


Dungeon Overview and Level Annotations

Branches:
Dungeon (12/15)            Temple (0/1) D:4            Lair (6/6) D:9
 Shoals (0/4) Lair:2       Spider (0/4) Lair:2        Slime (0/5) Lair:6
    Orc (0/2) D:11

Altars:
Dithmenos
Fedhas
Gozag
Hepliaklqana
Makhleb
Nemelex Xobeh
Ru
Wu Jian
Xom
Beogh
Jiyva

Shops:
D:6 [   D:11 *

Annotations:
D:7 exclusion: downstairs
D:10 3 runed doors, exclusion: downstairs, ishanyx's ghost, journeyman MiFi
Lair:1 exclusion: oklob plant
Lair:4 exclusion: oklob plant


Innate Abilities, Weirdness & Mutations

You are very small and have problems with some larger weapons.
You are too small for most types of armour.
You have supernaturally acute eyesight. (SInv)
You are a herbivore.
You cover ground extremely quickly.
You need to consume almost no food.


Message History

Aiming: Confuse (safe; 1% risk of failure)
Press: ? - help, Shift-Dir - straight line, f - fire dragon
Aim: a fire dragon (lava, chance to defeat MR: 32%)
The fire dragon appears confused.
You start resting.
Magic restored.
You start resting.
Your magical contamination has completely faded away.
Casting: Confuse (safe; 1% risk of failure)
Confirm with . or Enter, or press ? or * to list all spells.
Aiming: Ensorcelled Hibernation (safe; 1% risk of failure)
Press: ? - help, Shift-Dir - straight line, f/p - fire dragon
Aim: a fire dragon (hasn't noticed you, chance to defeat MR: 24%)
The fire dragon roars deafeningly!
The fire dragon resists with almost no effort.
The fire dragon breathes flames at you. The blast of flame hits you!
Ouch! That really hurt!
You die...
Your body glows with a rainbow of weird colours and disappears.

......###≈≈###8## ##..........≈
.....###≈§§#8#..## ≈##..§##....≈
....####≈≈§#.....#≈§≈≈§#§§§§#...≈
....# #≈§........##§≈§≈≈§..≈§...§
....###§≈.........##≈######§§§§..
...###≈§.........§≈§# ...$##≈§...
..P# #≈≈#........§≈≈#....$$#§§§..
...# ##≈##........§.'.....$#≈≈≈..
...# ≈§ ##.....@...'.....$#≈≈≈..
.#.# #≈≈ #8......#§≈#D...|(#≈≈≈.§
.P.# ##≈ ##....###≈≈##...$##§§..§
...## ≈≈ #8#8#.§.#≈≈≈######§§#..†
...P# ≈# ######≈§.≈≈≈§§§≈≈≈§≈##§.
...## #≈§≈#..#≈≈§≈###≈...#§
..#.## ≈≈≈≈≈≈###...≈≈...#...##§
###..## ###≈≈##8....#≈.....#≈§§§
..##..## ≈≈≈# ##....§#.....#≈§§≈


You could see a fire dragon.

Vanquished Creatures
  Rupert (Lair:4)
  A fire dragon (Lair:6)
  2 catoblepae (Lair:5)
  7 hydras
  4 two-headed ogres
  2 lindwurms (Lair:6)
  Pikel (D:5)
  An ugly thing (D:9)
  3 centaur zombies
  7 elephants
  10 black mambas
  A guardian serpent (D:9)
  2 molten gargoyles (Lair:6)
  8 spiny frogs
  7 rime drakes
  10 komodo dragons
  2 jumping spiders (Lair:2)
  2 trolls
  A polar bear (Lair:4)
  10 blink frogs
  4 hippogriffs
  6 dream sheep
  A redback (Lair:2)
  2 wyverns
  25 yaks
  8 basilisks
  3 hungry ghosts
  Eustachio (D:5)
  3 steam dragons (Lair:6)
  Menkaure (D:5)
  An acid dragon (D:10)
  10 water moccasins
  3 hell hounds
  3 slaves (D:5)
  13 porcupines
  A black bear (D:9)
  A sky beast (D:9)
  11 orc warriors
  An eye of draining (D:10)
  3 ice beasts
  A necrophage (D:6)
  2 phantoms
  6 ogres
  6 wolves
  4 centaurs
  9 crocodiles
  2 big kobolds
  8 bullfrogs
  6 scorpions
  10 killer bees
  6 wights (D:11)
  An electric eel (Lair:1)
  3 howler monkeys (D:8)
  4 crimson imps
  A bullfrog zombie (D:11)
  4 lava snakes (Lair:6)
  9 orc priests
  3 hounds
  4 jellies
  An iguana (D:9)
  5 orc wizards
  A bullfrog skeleton (D:7)
  Jessica (D:2)
  Natasha (D:2)
  4 worker ants
  A killer bee zombie (D:7)
  A hound zombie (D:7)
  3 worker ant zombies
  11 adders
  2 shadow imps
  2 oozes (D:3)
  An adder skeleton (D:4)
  2 worms
  5 leopard geckos
  39 orcs
  A ball python (D:3)
  4 bats
  6 giant cockroaches
  5 goblins
  16 hobgoblins
  2 jackals (D:4)
  3 quokkas
  5 frilled lizards
  16 kobolds
  A quokka skeleton (D:5)
  7 rats
418 creatures vanquished.

Vanquished Creatures (collateral kills)
  5 death yaks (Lair:3)
  2 two-headed ogres
  A guardian serpent (D:9)
  A torpor snail (Lair:3)
  A spiny frog (Lair:1)
  8 rime drakes (Lair:6)
  2 blink frogs (Lair:1)
  5 dream sheep (Lair:6)
  2 yaks (Lair:3)
  7 steam dragons (Lair:6)
  A hell hound (Lair:6)
  A water moccasin (Lair:1)
  A porcupine (Lair:3)
  2 orc warriors (D:11)
  A black bear (D:9)
  2 wights (D:11)
  A crimson imp (D:9)
  5 orc priests
  An orc wizard (D:11)
  A river rat (D:11)
  2 shadow imps
  5 orcs
  A fungus (Lair:6)
  A plant (Lair:6)
59 creatures vanquished.

Vanquished Creatures (others)
  A rime drake (Lair:6)
  3 bushes
  17 fungi
  26 plants
47 creatures vanquished.

Grand Total: 524 creatures vanquished

Notes
Turn   | Place    | Note
-------+----------+-------------------------------------------
     0 | D:1      | zishaf the Spriggan Enchanter began the quest for the Orb.
     0 | D:1      | Reached XP level 1. HP: 9/9 MP: 5/5
   147 | D:1      | Reached XP level 2. HP: 13/13 MP: 4/6
   155 | D:1      | Learned a level 2 spell: Ensorcelled Hibernation
   689 | D:2      | Reached skill level 5 in Stealth
   877 | D:2      | Reached XP level 3. HP: 16/16 MP: 8/8
  1636 | D:2      | Noticed Natasha
  1640 | D:2      | Killed Natasha
  1640 | D:2      | Reached XP level 4. HP: 21/21 MP: 9/9
  1912 | D:2      | Noticed Jessica
  1923 | D:2      | Killed Jessica
  1923 | D:2      | Reached skill level 1 in Shields
  2237 | D:3      | Reached skill level 4 in Dodging
  2244 | D:3      | Reached XP level 5. HP: 24/24 MP: 10/10
  2305 | D:3      | Found a sparkling altar of Nemelex Xobeh.
  2309 | D:3      | Became a worshipper of Nemelex Xobeh the Trickster
  2377 | D:3      | Received a gift from Nemelex Xobeh
  2922 | D:3      | Found an opulent altar of Gozag.
  3143 | D:3      | Reached * piety under Nemelex Xobeh
  3279 | D:4      | Found a staircase to the Ecumenical Temple.
  3628 | D:4      | Reached ** piety under Nemelex Xobeh
  3699 | D:4      | You fall through a shaft for 2 floors!
  3700 | D:6      | Noticed a slave
  3714 | D:5      | Entered Level 5 of the Dungeon
  3887 | D:4      | Reached XP level 6. HP: 18/28 MP: 11/11
  4222 | D:5      | Received a gift from Nemelex Xobeh
  4229 | D:5      | Noticed Menkaure
  4418 | D:4      | Learned a level 3 spell: Confuse
  4521 | D:5      | Reached skill level 5 in Dodging
  4621 | D:5      | Killed Menkaure
  4621 | D:5      | Reached skill level 5 in Hexes
  4621 | D:5      | Reached XP level 7. HP: 32/32 MP: 5/12
  4856 | D:5      | Noticed Eustachio
  4863 | D:5      | Killed Eustachio
  4964 | D:5      | Found a hazy altar of Hepliaklqana.
  4999 | D:6      | Noticed Pikel
  5264 | D:5      | Killed Pikel
  5264 | D:5      | Reached skill level 5 in Short Blades
  5264 | D:5      | Reached skill level 6 in Dodging
  5264 | D:5      | Reached XP level 8. HP: 11/36 MP: 1/13
  5521 | D:6      | Found Gonaizacw's Armour Shop.
  5705 | D:6      | Reached skill level 7 in Dodging
  6062 | D:6      | Found a shadowy altar of Dithmenos.
  6514 | D:6      | Reached skill level 5 in Shields
  6790 | D:7      | Reached skill level 8 in Dodging
  6827 | D:7      | Reached XP level 9. HP: 36/38 MP: 9/14
  6876 | D:7      | Reached *** piety under Nemelex Xobeh
  6976 | D:7      | Reached skill level 1 in Invocations
  7239 | D:7      | Reached skill level 9 in Dodging
  7572 | D:8      | Noticed a two-headed ogre
  8166 | D:8      | Killed a two-headed ogre
  8166 | D:8      | Reached XP level 10. HP: 24/44 MP: 10/15
  8418 | D:8      | Received a gift from Nemelex Xobeh
  8449 | D:8      | Found a sacrificial altar of Ru.
  8870 | D:9      | Noticed a two-headed ogre
  8884 | D:9      | Noticed a two-headed ogre
  8899 | D:9      | Killed a two-headed ogre
  8899 | D:9      | Reached skill level 10 in Dodging
  8954 | D:9      | Killed a two-headed ogre
  8967 | D:9      | Reached skill level 1 in Ice Magic
  9060 | D:9      | Noticed a guardian serpent
  9387 | D:9      | Found a burning altar of Makhleb.
  9387 | D:9      | Found a shimmering altar of Xom.
  9527 | D:9      | Received a gift from Nemelex Xobeh
  9637 | D:9      | Noticed a guardian serpent
  9659 | D:9      | Killed a guardian serpent
  9718 | D:9      | Found a staircase to the Lair.
 10263 | D:9      | Found an ornate altar of the Wu Jian Council.
 10297 | D:9      | Reached skill level 5 in Invocations
 10597 | D:9      | Received a gift from Nemelex Xobeh
 10650 | D:9      | Noticed a green ugly thing
 10803 | D:9      | Killed a green ugly thing
 10803 | D:9      | Reached skill level 11 in Dodging
 10803 | D:9      | Reached XP level 11. HP: 15/47 MP: 19/19
 11156 | D:9      | Reached skill level 5 in Spellcasting
 11738 | D:10     | Entered Level 10 of the Dungeon
 11792 | D:10     | Reached **** piety under Nemelex Xobeh
 12353 | D:10     | Got a fine short sword
 12374 | D:10     | Lost strength.
 12374 | D:10     | Identified the +6 short sword of Imbalance {speed, rC+
                  | Str-5 Stlth+} (You found it on level 10 of the Dungeon)
 12558 | D:10     | Found a runed gate.
 12558 | D:10     | Found a runed gate.
 12558 | D:10     | Found a runed gate.
 12566 | D:10     | Noticed an 11-headed hydra
 12566 | D:10     | Noticed ishanyx's ghost (journeyman MiFi)
 12651 | D:11     | Received a gift from Nemelex Xobeh
 12977 | D:11     | Noticed a two-headed ogre
 13400 | D:11     | Found Leatin's Assorted Antiques.
 13475 | D:11     | Found a staircase to the Orcish Mines.
 13485 | D:11     | Found a roughly hewn altar of Beogh.
 13951 | D:11     | Identified the +6 mace of the Distant Future {elec, rF-
                  | Str+6}
 13997 | D:11     | Noticed a two-headed ogre
 14056 | D:11     | Killed a two-headed ogre
 14186 | D:11     | Reached skill level 12 in Dodging
 14251 | D:11     | Noticed a two-headed ogre
 14253 | D:11     | Killed a two-headed ogre
 14277 | D:11     | Killed a two-headed ogre
 14584 | D:12     | Noticed a two-headed ogre
 14643 | Lair:1   | Entered Level 1 of the Lair of Beasts
 14695 | Lair:1   | Reached skill level 10 in Stealth
 14916 | Lair:1   | Received a gift from Nemelex Xobeh
 15021 | Lair:1   | Reached XP level 12. HP: 51/51 MP: 23/23
 15374 | Lair:1   | Received a gift from Nemelex Xobeh
 15662 | Lair:2   | Learned a level 4 spell: Summon Lightning Spire
 15679 | Lair:2   | Reached ***** piety under Nemelex Xobeh
 15696 | Lair:2   | Received a gift from Nemelex Xobeh
 15746 | Lair:2   | Reached skill level 10 in Short Blades
 15825 | Lair:2   | Found a staircase to the Shoals.
 15988 | Lair:2   | Noticed a five-headed hydra
 16001 | Lair:2   | Killed a five-headed hydra
 16288 | Lair:2   | Reached skill level 13 in Dodging
 16339 | Lair:2   | Found a hole to the Spider Nest.
 16563 | Lair:3   | Received a gift from Nemelex Xobeh
 16885 | Lair:3   | Noticed a death yak
 16889 | Lair:3   | Noticed a death yak
 16991 | Lair:3   | Killed a death yak
 16994 | Lair:3   | Noticed a death yak
 17003 | Lair:3   | Killed a death yak
 17005 | Lair:3   | Killed a death yak
 17029 | Lair:3   | Noticed a seven-headed hydra
 17072 | Lair:3   | Killed a seven-headed hydra
 17083 | Lair:3   | Received a gift from Nemelex Xobeh
 17217 | Lair:3   | Noticed a death yak
 17220 | Lair:3   | Noticed a death yak
 17241 | Lair:3   | Killed a death yak
 17862 | Lair:3   | Killed a death yak
 17995 | Lair:4   | Reached XP level 13. HP: 55/55 MP: 13/27
 18083 | Lair:4   | Received a gift from Nemelex Xobeh
 18104 | Lair:4   | Reached skill level 14 in Dodging
 18295 | Lair:4   | Reached skill level 1 in Summonings
 18295 | Lair:4   | Reached skill level 1 in Air Magic
 18473 | Lair:4   | Found a blossoming altar of Fedhas.
 18920 | Lair:5   | Received a gift from Nemelex Xobeh
 19175 | Lair:5   | Noticed Rupert
 19223 | Lair:5   | Got a faintly glowing spear
 19229 | Lair:5   | Identified the +6 spear of Termination {pain, +Rage rPois
                  | MR- Int+6} (You found it on level 5 of the Lair of Beasts)
 19653 | Lair:4   | Killed Rupert
 20215 | Lair:5   | Got an encrusted rapier
 20384 | Lair:6   | Entered Level 6 of the Lair of Beasts
 20509 | Lair:6   | Identified the +5 rapier of Oparust {freeze, *Corrode SInv
                  | Stlth+} (You found it on level 5 of the Lair of Beasts)
 20576 | Lair:6   | Received a gift from Nemelex Xobeh
 20715 | Lair:6   | Reached skill level 10 in Invocations
 21047 | Lair:6   | Learned a level 6 spell: Deflect Missiles
 21052 | Lair:6   | Learned a level 4 spell: Cause Fear
 21061 | Lair:6   | Learned a level 8 spell: Discord
 21211 | Lair:6   | Reached skill level 1 in Fighting
 22435 | Lair:5   | Reached skill level 15 in Dodging
 22541 | Lair:6   | Found a viscous altar of Jiyva.
 22541 | Lair:6   | Found a staircase to the Slime Pits.
 22694 | Lair:6   | Noticed a fire dragon
 22931 | Lair:6   | Reached XP level 14. HP: 63/63 MP: 24/28
 23798 | Lair:6   | Reached skill level 5 in Air Magic
 23809 | Lair:6   | Found a large runed door.
 24059 | Lair:6   | Reached skill level 1 in Charms
 24282 | Lair:6   | Found a large runed door.
 24388 | Lair:6   | Killed from afar by a fire dragon

Vault maps used:
D:1:      mrwooster_arrival_statue, minmay_splitting_lines
D:2:      first_ration, st_stairs_11, kennysheep_generic_room_3, uniq_jessica,
          uniq_natasha
D:3:      old_standard_altar, kennysheep_decorative_pillar,
          nemelex_diamond_rough_becter
D:4:      minmay_temple_entry_mist
D:5:      lemuel_crystal_altar, uniq_menkaure, uniq_eustachio
D:6:      grunt_dithmenos_smoke_and_mirrors, serial_shops, shop,
          lightli_minifort, uniq_pikel
D:7:      grunt_ogre_cave
D:8:      nicolae_ru_awakened_eye, serial_bayou_pond_e
D:9:      nrook_guardian_serpent_snake_passage,
          grunt_temple_overflow_champion_of_chaos, kennysheep_mini,
          minmay_lair_entry_grove
D:10:     gammafunk_ghost_hydra_chop
D:11:     minmay_orc_entry_temple_large, serial_shops, shop_fountains
D:12:     uniq_maurice
Lair:1:   wander_river, chequers_serial_rivers_micro_c, grunt_megastairs_2,
          lemuel_fruit_tree, serial_bayou_shore_b, minmay_lair_oklob_chamber,
          infiniplex_staircase_pool
Lair:2:   shoals_dummy_entry, spider_nest_entry_a, serial_rivers,
          chequers_serial_rivers_small_a, chequers_serial_rivers_large_a,
          chequers_serial_rivers_micro_a, chequers_serial_rivers_micro_c,
          chequers_serial_rivers_micro_d, serial_bayou_shore_b,
          serial_bayou_shore_b
Lair:3:   serial_bayou_shore_b, grunt_megastairs_1
Lair:4:   tgw_fedhas
Lair:5:   kennysheep_catoblepas_arena, uniq_rupert
Lair:6:   cheibrodos_lair_end_hotspot, slime_altar_1, wad_woods_river_03,
          bobbens_dragon_lair_wall

Skill      XL: |  1  2  3  4  5  6  7  8  9 10 11 12 13 14 |
---------------+-------------------------------------------+-----
Short Blades   | 2 3 4 5 6 7 8 9 11 12 | 12.0
Stealth        | 5 6 8 10 11 | 11.0
Hexes          | 4 5 6 7 |  7.1
Shields        | 1 2 3 5 6 7 |  7.2
Dodging        | 4 5 6 8 9 11 12 13 15 | 15.6
Invocations    | 3 5 6 8 10 | 10.1
Spellcasting   | 4 7 9 |  9.2
Ice Magic      | 2 |  2.0
Summonings     | 3 4 |  4.0
Air Magic      | 4 5 |  5.0
Fighting       | 2 3 |  3.4
Charms         | 1 |  1.4
Throwing       | |  0.9

Action                   |  1- 3 |  4- 6 |  7- 9 | 10-12 | 13-15 || total
-------------------------+-------+-------+-------+-------+-------++-------
Melee: Dagger            |   113 |   312 |    16 |       |       ||   441
       Rapier            |       |       |   268 |   323 |   112 ||   703
       Short sword       |       |       |       |   102 |    68 ||   170
 Fire: Blowgun           |       |       |     2 |     2 |     6 ||    10
 Cast: Corona            |     2 |       |       |       |       ||     2
       Ensorcelled Hiber |    13 |    31 |    74 |   218 |   154 ||   490
       Confuse           |       |     3 |     8 |    41 |    33 ||    85
Invok: Deal Four         |       |       |       |     1 |       ||     1
Evoke: Deck              |       |       |     1 |    16 |    16 ||    33
  Use: Scroll            |     2 |     5 |     6 |     8 |     6 ||    27
       Potion            |       |       |     1 |     2 |     3 ||     6
 Stab: Sleeping          |    15 |    22 |    34 |   122 |    79 ||   272
       Confused          |       |     2 |     5 |    30 |    10 ||    47
       Petrified         |       |       |       |     2 |     1 ||     3
       Distracted        |       |       |       |       |     1 ||     1
       Petrifying        |       |       |       |       |     1 ||     1
  Eat: Ration            |       |     2 |     5 |     6 |     4 ||    17
Armor: Robe              |     5 |    27 |    14 |     5 |       ||    51
       Acid dragon scale |       |       |       |    15 |     6 ||    21
Dodge: Dodged            |    72 |   179 |   148 |   214 |   121 ||   734
Block: Buckler           |    18 |    72 |    84 |   122 |    69 ||   365

Table legend:
 A = Non-vault XP
 B = Vault XP
 C = Vault XP percentage of total XP
 D = Non-vault monster count
 E = Vault monster count
 F = Vault count percentage of total count
                 A         B        C        D         E       F
            +---------+---------+-------+---------+---------+-------
      Total |   49149 |   25570 |  34.2 |     360 |     113 |  23.9
            +---------+---------+-------+---------+---------+-------
        D:1 |      23 |       0 |   0.0 |      13 |       0 |   0.0
        D:2 |      64 |      89 |  58.2 |      21 |       5 |  19.2
        D:3 |      77 |       0 |   0.0 |      27 |       0 |   0.0
        D:4 |      68 |       0 |   0.0 |      10 |       0 |   0.0
        D:5 |     369 |    1098 |  74.8 |      12 |       5 |  29.4
        D:6 |     860 |      49 |   5.4 |      12 |       3 |  20.0
        D:7 |    1599 |     118 |   6.9 |      26 |       1 |   3.7
        D:8 |    2072 |       0 |   0.0 |      28 |       0 |   0.0
        D:9 |    3205 |    2130 |  39.9 |      32 |      16 |  33.3
       D:10 |    3343 |     274 |   7.6 |      22 |       2 |   8.3
       D:11 |    4851 |     686 |  12.4 |      35 |      19 |  35.2
     Lair:1 |    2420 |       0 |   0.0 |      14 |       0 |   0.0
     Lair:2 |    4548 |     824 |  15.3 |      19 |       3 |  13.6
     Lair:3 |    5536 |    2463 |  30.8 |      20 |       6 |  23.1
     Lair:4 |    4453 |    2222 |  33.3 |      18 |       1 |   5.3
     Lair:5 |    9378 |    1783 |  16.0 |      27 |       4 |  12.9
     Lair:6 |    6283 |   13834 |  68.8 |      24 |      48 |  66.7
            +---------+---------+-------+---------+---------+-------
